AoeStats
← Pacne

Black Forest

509169251Analyzed
2v2 RM · 8d ago on Sep 25, 2026· 57m 50s· 4 players
Game mode
Random Map
Map size
Medium (4 player)
Population
200
Speed
Normal
Resources
Standard
Victory
Conquest
Starting age
Dark Age
Ending age
Imperial Age
RankedLock teamsTeams togetherTeam positionsShared explorationLock speedFull tech treeHidden civsTurbo modeCheats
Victory
Defeat
🇬🇧 Spanish · United Kingdom
705
+13
🇵🇹 Portuguese · Portugal
649
+15
🇪🇸 Celts · Spain
708
-17
🇲🇽 Franks · Mexico
567
-11
Samuel
0:58 Loom
12:41 Feudal Age
15:28 Double-Bit Axe
16:00 Horse Collar
19:19 Wheelbarrow
18:33 Town Watch
22:27 Castle Age
22:51 Gold Mining
23:22 Bow Saw
23:36 Heavy Plow
25:36 Murder Holes
27:50 Scale Barding Armor
27:55 Forging
29:03 Hand Cart
32:07 Imperial Age
32:51 Elite Conquistador
34:49 Bloodlines
35:12 Caravan
36:41 Stone Mining
38:40 Chain Barding Armor
43:10 Husbandry
47:46 Iron Casting
47:46 Plate Barding Armor
47:18 Onager
56:09 Illumination
dvdsnts13
0:28 Loom
13:38 Feudal Age
14:54 Wheelbarrow
14:05 Town Watch
14:03 Horse Collar
14:12 Double-Bit Axe
20:28 Castle Age
21:28 Hand Cart
21:14 Town Patrol
21:16 Heavy Plow
21:29 Bow Saw
31:20 Imperial Age
33:41 Two-Man Saw
33:19 Crop Rotation
34:01 Chemistry
33:22 Ballistics
33:26 Forging
33:17 Scale Mail Armor
33:07 Fletching
33:18 Padded Archer Armor
34:09 Elite Organ Gun
34:50 Arquebus
35:11 Conscription
36:55 Gambesons
36:30 Pikeman
36:56 Arson
37:49 Iron Casting
37:30 Chain Mail Armor
37:11 Bodkin Arrow
37:52 Bombard Tower
37:15 Treadmill Crane
40:29 Halberdier
42:13 Blast Furnace
41:23 Guard Tower
41:44 Fortified Wall
41:30 Murder Holes
41:41 Siege Engineers
41:47 Masonry
41:28 Heated Shot
43:03 Plate Mail Armor
42:34 Bracer
42:51 Leather Archer Armor
45:17 Keep
45:12 Architecture
45:12 Caravan
46:27 Thumb Ring
45:42 Elite Skirmisher
jose.rodarte
0:46 Loom
14:59 Feudal Age
17:58 Wheelbarrow
27:14 Castle Age
25:30 Double-Bit Axe
26:01 Stone Mining
26:01 Gold Mining
26:07 Gold Mining
28:22 Bow Saw
29:02 Hand Cart
28:55 Caravan
29:16 Scale Mail Armor
29:26 Forging
29:21 Scale Barding Armor
29:06 Fletching
29:16 Padded Archer Armor
31:00 Forging
31:05 Chain Mail Armor
30:55 Scale Barding Armor
33:24 Gold Shaft Mining
32:52 Treadmill Crane
33:09 Murder Holes
33:28 Fortified Wall
36:43 Iron Casting
36:13 Scale Barding Armor
36:04 Bodkin Arrow
36:09 Padded Archer Armor
37:38 Town Watch
39:43 Chain Barding Armor
39:23 Padded Archer Armor
42:26 Imperial Age
39:59 Town Patrol
40:24 Ballistics
39:58 Guard Tower
40:45 Squires
40:30 Gambesons
40:30 Arson
40:07 Pikeman
41:17 Light Cavalry
41:57 Husbandry
43:28 Cavalier
44:32 Conscription
44:49 Hoardings
48:58 Chivalry
52:30 Plate Mail Armor
56:23 Chemistry
55:34 Masonry
55:29 Siege Engineers
57:09 Plate Barding Armor
57:34 Blast Furnace
Pacne
0:27 Loom
13:32 Feudal Age
20:20 Castle Age
18:26 Gold Mining
18:27 Stone Mining
18:33 Stone Mining
18:25 Fishing Lines
22:09 Double-Bit Axe
28:07 Imperial Age
26:57 Stronghold
27:49 Gold Shaft Mining
27:02 Horse Collar
28:36 Town Watch
30:16 Wheelbarrow
30:25 Conscription
32:24 Caravan
33:36 Onager
37:27 Hand Cart
36:37 Siege Onager
36:57 Pikeman
37:23 Gambesons
38:17 Stone Shaft Mining
39:23 Furor Celtica
41:12 Chemistry
40:33 Ballistics
40:09 Murder Holes
42:13 Heated Shot
44:18 Elite Woad Raider
49:15 Heavy Scorpion
Connection lost

Rejoining the realm…

Still unreachable

The connection could not be restored.

Session expired

The server has moved on; the page needs a fresh start.